 Dungeon Crawl Stone Soup version 0.22-a0-303-g4a852b3 (webtiles) character file.

5506 Amnesiac the Destroyer (level 10, -8/80 HPs)
             Began as a Demigod Conjurer on Mar 27, 2018.
             Mangled by Arum's ghost (12 damage)
             ... on level 9 of the Dungeon.
             The game lasted 00:17:00 (9271 turns).

Amnesiac the Destroyer (Demigod Conjurer)           Turns: 9271, Time: 00:17:01

Health: -8/80      AC:  6    Str: 11    XL:     10   Next: 19%
Magic:  2/25       EV: 15    Int: 28    God:
Gold:   524        SH:  6    Dex: 20    Spells: 19/24 levels left

rFire    . . .     SeeInvis .   v - +3 trident "Nacuwaj" {pierce, Int+3 Dex+4}
rCold    . . .     Gourm    .   j - +0 buckler
rNeg     . . .     Faith    .   B - +0 leather armour (curse)
rPois    .         Spirit   .   J - +1 helmet
rElec    .         Reflect  .   (no cloak)
rCorr    .         Harm     .   (no gloves)
MR       +....                  s - +0 pair of boots
Stlth    +++.......             b - amulet of magic regeneration
HPRegen  0.23/turn              C - ring of stealth
MPRegen  0.44/turn              (no ring)

@: no status effects
A: high mp 1
a: no special abilities


You were on level 9 of the Dungeon.
You were not hungry.

You visited 1 branch of the dungeon, and saw 9 of its levels.

You collected 524 gold pieces.

Inventory:

Hand Weapons
 v - the +3 trident "Nacuwaj" (weapon) {pierce, Int+3 Dex+4}
   (You took it off an orc priest on level 8 of the Dungeon)

   It inflicts extra damage upon your enemies.
   It affects your intelligence (+3).
   It affects your dexterity (+4).
Missiles
 k - 2 needles of frenzy
 m - 22 poisoned needles
 A - a throwing net (quivered)
Armour
 f - a +0 leather armour of poison resistance
 j - a +0 buckler (worn)
 s - a +0 pair of boots (worn)
 w - a +0 shield
 B - a cursed +0 leather armour (worn)
 J - a +1 helmet (worn)
Magical Staves
 z - an uncursed staff of air
Jewellery
 b - an amulet of magic regeneration (around neck)
 u - an uncursed amulet of regeneration
 C - a ring of stealth (left hand)
Wands
 a - a wand of random effects (28)
 G - a wand of enslavement (11)
Scrolls
 h - 3 scrolls of magic mapping {!r, unknown}
 l - 9 scrolls of remove curse {!r, unknown}
 n - 6 scrolls of fog {!r, unknown}
 p - 2 scrolls of enchant weapon {!r}
 q - 5 scrolls of enchant armour {!r, unknown}
 t - a scroll of blinking {!r}
 y - 2 scrolls of teleportation {!r}
 I - 2 scrolls of identify {!r}
 K - a scroll of silence {!r}
Potions
 d - 7 potions of curing {!q}
 e - 3 potions of ambrosia {!q, unknown}
 g - 2 potions of heal wounds {!q}
 i - 3 potions of brilliance {!q}
 o - 2 potions of haste {!q}
 r - 2 potions of invisibility {!q}
 x - 2 potions of flight {!q}
 D - a potion of agility {!q}
 F - a potion of berserk rage {!q}
 H - a potion of might {!q}
Comestibles
 c - 12 rations
 E - 7 chunks of flesh


   Skills:
 + Level 4.7 Fighting
 + Level 4.7 Dodging
 - Level 1.7 Stealth
 - Level 4.3 Shields
 + Level 7.5 Spellcasting
 - Level 8.1 Conjurations
 + Level 4.8 Evocations


You had 19 spell levels left.
You knew the following spells:

 Your Spells              Type           Power        Failure   Level  Hunger
a - Iskenderun's Mystic   Conj           ######..     2%          4    ##.....
d - Magic Dart            Conj           ####         1%          1    None


Dungeon Overview and Level Annotations

Branches:
Dungeon (9/15)             Temple (0/1) D:4
   Lair: D:8-11         Orc: D:9-12

Annotations:
D:9 Arum's ghost, novice FoGl


Innate Abilities, Weirdness & Mutations

You have an increased reservoir of magic. (+10% MP)


Message History

You block Arum's ghost's attack.
Casting: Iskenderun's Mystic Blast (safe; 2% risk of failure)
Confirm with . or Enter, or press ? or * to list all spells.
Aiming: Iskenderun's Mystic Blast (safe; 2% risk of failure)
Press: ? - help, Shift-Dir - straight line, f/p - Arum's ghost
Aim: Arum's ghost, wielding a weapon of freezing (severely damaged)
The orb of energy hits Arum's ghost.
Arum's ghost is severely damaged.
The orb of energy explodes!
The mystic blast hits the worker ant.
The worker ant is heavily wounded.
You hear a bark!
Arum's ghost hits you! Arum's ghost freezes you.
Casting: Iskenderun's Mystic Blast (safe; 2% risk of failure)
Confirm with . or Enter, or press ? or * to list all spells.
You don't have enough magic to cast that spell.
Casting: Iskenderun's Mystic Blast (safe; 2% risk of failure)
Confirm with . or Enter, or press ? or * to list all spells.
You don't have enough magic to cast that spell.
Casting: Iskenderun's Mystic Blast (safe; 2% risk of failure)
Confirm with . or Enter, or press ? or * to list all spells.
You don't have enough magic to cast that spell.
Casting: Iskenderun's Mystic Blast (safe; 2% risk of failure)
Confirm with . or Enter, or press ? or * to list all spells.
Aiming: Iskenderun's Mystic Blast (safe; 2% risk of failure)
Press: ? - help, Shift-Dir - straight line, f/p - Arum's ghost
Aim: Arum's ghost, wielding a weapon of freezing (severely damaged)
The orb of energy hits Arum's ghost.
Arum's ghost is almost destroyed.
The orb of energy explodes!
The mystic blast hits the worker ant.
The worker ant is almost dead.
Arum's ghost misses you.
Casting: Iskenderun's Mystic Blast (safe; 2% risk of failure)
Confirm with . or Enter, or press ? or * to list all spells.
You don't have enough magic to cast that spell.
Casting: Iskenderun's Mystic Blast (safe; 2% risk of failure)
Confirm with . or Enter, or press ? or * to list all spells.
Aiming: Iskenderun's Mystic Blast (safe; 2% risk of failure)
Press: ? - help, Shift-Dir - straight line, f/p - Arum's ghost
Aim: Arum's ghost, wielding a weapon of freezing (severely damaged)
The orb of energy misses Arum's ghost.
The orb of energy hits the worker ant.
You kill the worker ant!
Arum's ghost hits you!
* * * LOW HITPOINT WARNING * * *
Arum's ghost freezes you.
* * * LOW HITPOINT WARNING * * *
Unknown command.
Casting: Iskenderun's Mystic Blast (safe; 2% risk of failure)
Confirm with . or Enter, or press ? or * to list all spells.
Aiming: Iskenderun's Mystic Blast (safe; 2% risk of failure)
Press: ? - help, Shift-Dir - straight line, f/p - Arum's ghost
Aim: Arum's ghost, wielding a weapon of freezing (severely damaged)
The orb of energy hits Arum's ghost.
Arum's ghost is almost destroyed.
The orb of energy explodes!
You hear an angry buzzing noise.
Arum's ghost hits you!!
* * * LOW HITPOINT WARNING * * *
Arum's ghost freezes you!
* * * LOW HITPOINT WARNING * * *
Unknown command.
A killer bee comes into view.
You miss the killer bee. The killer bee closely misses you.
The killer bee misses you. Arum's ghost hits you!
You die...

#.# #.# #.# ..#
######## #.# ####
#### #......# ..#
#.... ..# #.####.#
#.# #.##.##.#
####.####.# #.#
#.....#.###..K...##.#
..#
#.##....y@W.##.#.##.#
###
#.#####>######.#.##K#
#####.#####.#
#......#
#...........#
####.####
##.###########
#.K....# #......#
#Z#..#.# # #..###.#
#.#....# ###..#
#K#....# .....#
#.##...#


You could see a big kobold, a killer bee and Arum's ghost.

Vanquished Creatures
  A two-headed ogre (D:9)
  3 hippogriffs
  Edmund (D:2)
  3 ice beasts
  2 sky beasts
  2 black bears
  A phantom (D:5)
  5 orc warriors
  A necrophage (D:7)
  2 ogres
  The ghost of Nib the Ducker, an amateur DsGl (D:4)
  4 centaurs
  A crocodile (D:8)
  A big kobold (D:8)
  3 bullfrogs
  5 scorpions
  A howler monkey (D:9)
  2 crimson imps (D:5)
  A bullfrog zombie (D:8)
  A centaur zombie (D:9)
  2 jellies
  7 hounds
  11 orc wizards
  7 orc priests
  A centaur skeleton (D:6)
  3 bullfrog skeletons
  An iguana (D:9)
  Ijyb (D:4)
  Natasha (thrice) (D:3)
  5 worker ants (D:9)
  2 worker ant zombies (D:7)
  Robin (D:3)
  10 gnolls
  8 adders
  A howler monkey skeleton (D:4)
  2 river rats (D:3)
  5 shadow imps
  2 oozes
  2 adder zombies
  An adder skeleton (D:3)
  A worm (D:3)
  5 leopard geckos
  28 orcs
  7 bats
  7 giant cockroaches
  24 goblins
  11 hobgoblins
  17 jackals
  2 quokkas
  A ball python (D:3)
  3 frilled lizards (D:3)
  A jackal skeleton (D:4)
  10 kobolds
  13 rats
246 creatures vanquished.

Notes
Turn   | Place    | Note
-------+----------+-------------------------------------------
     0 | D:1      | Amnesiac the Demigod Conjurer began the quest for the Orb.
     0 | D:1      | Reached XP level 1. HP: 14/14 MP: 5/5
    48 | D:1      | Reached skill level 4 in Conjurations
    48 | D:1      | Reached XP level 2. HP: 4/20 MP: 0/7
   787 | D:1      | Reached XP level 3. HP: 21/26 MP: 3/9
  1601 | D:2      | Reached XP level 4. HP: 33/33 MP: 3/10
  1763 | D:1      | Learned a level 4 spell: Iskenderun's Mystic Blast
  1816 | D:2      | Reached skill level 5 in Conjurations
  2317 | D:3      | Reached XP level 5. HP: 38/38 MP: 1/12
  2575 | D:3      | Noticed Robin
  2579 | D:3      | Killed Robin
  2585 | D:3      | Noticed Natasha
  2749 | D:3      | Killed Natasha
  3031 | D:3      | Reached skill level 6 in Conjurations
  3066 | D:3      | Reached XP level 6. HP: 45/45 MP: 0/14
  3199 | D:4      | Noticed Nib's ghost (amateur DsGl)
  3209 | D:3      | Noticed Natasha
  3240 | D:3      | Killed Natasha
  3358 | D:3      | Noticed Natasha
  3360 | D:3      | Killed Natasha
  4245 | D:4      | Killed Nib's ghost
  4389 | D:4      | Found a staircase to the Ecumenical Temple.
  4393 | D:4      | Noticed Edmund
  4618 | D:4      | Reached skill level 7 in Conjurations
  4618 | D:4      | Reached XP level 7. HP: 50/50 MP: 0/16
  4963 | D:4      | Noticed Ijyb
  5185 | D:2      | Killed Edmund
  5242 | D:4      | Killed Ijyb
  5594 | D:5      | Entered Level 5 of the Dungeon
  5753 | D:5      | Reached skill level 8 in Conjurations
  5763 | D:5      | Reached skill level 5 in Spellcasting
  5805 | D:5      | Found a white marble altar of Elyvilon.
  5807 | D:5      | Found a sparkling altar of Nemelex Xobeh.
  5832 | D:5      | Reached XP level 8. HP: 57/57 MP: 0/19
  5954 | D:5      | Found a deep blue altar of Sif Muna.
  5985 | D:5      | Found a blossoming altar of Fedhas.
  5988 | D:5      | Found a shimmering altar of Xom.
  5988 | D:5      | Found a shadowy altar of Dithmenos.
  5989 | D:5      | Found an ancient bone altar of Kikubaaqudgha.
  6234 | D:6      | Found a white marble altar of Elyvilon.
  6329 | D:6      | Reached skill level 1 in Shields
  7195 | D:7      | Noticed a hippogriff
  7203 | D:7      | Killed a hippogriff
  7203 | D:7      | Reached skill level 1 in Fighting
  7203 | D:7      | Reached skill level 1 in Evocations
  7483 | D:7      | Reached XP level 9. HP: 60/67 MP: 14/22
  7694 | D:7      | Found a bloodstained altar of Trog.
  8550 | D:8      | Got an ancient trident {pierce}
  8558 | D:8      | Identified the +3 trident "Nacuwaj" {pierce, Int+3 Dex+4} (You took it off an orc priest on level 8 of the Dungeon)
  8849 | D:9      | Noticed a two-headed ogre
  8855 | D:9      | Killed a two-headed ogre
  8855 | D:9      | Reached XP level 10. HP: 80/80 MP: 2/25
  9240 | D:9      | Noticed Arum's ghost (novice FoGl)
  9268 | D:9      | HP: 3/80 [Arum's ghost (10)]
  9271 | D:9      | Mangled by Arum's ghost

Vault maps used:
D:1:      co_arrival_square_in_a_square_in_a_square
D:2:      grunt_ministairs_13
D:3:      portal_sewer_entry_b, uniq_robin, uniq_natasha
D:4:      kennysheep_goblin_castle, minmay_temple_entry_glass, first_ration,
          uniq_edmund
D:5:      grunt_temple_overflow_open
D:6:      basic_altar, minmay_misc_feat_hallway
D:7:      basic_altar
D:8:      grunt_pizzeria
D:9:      cheibrodos_ideogram_h

Skill      XL: |  1  2  3  4  5  6  7  8  9 |
---------------+----------------------------+-----
Spellcasting   | 2 3 4 5 6 7 |  7.5
Conjurations   | 4 5 6 7 8 |  8.1
Shields        | 4 |  4.3
Fighting       | 2 4 |  4.7
Evocations     | 2 4 |  4.8
Dodging        | 2 4 |  4.7
Stealth        | |  1.7

Action                   |  1- 3 |  4- 6 |  7- 9 | 10-12 || total
-------------------------+-------+-------+-------+-------++-------
Melee: Unarmed           |     2 |    23 |     2 |       ||    27
       Staff             |       |       |     8 |       ||     8
       Trident           |       |       |       |     1 ||     1
 Cast: Magic Dart        |   103 |   122 |     4 |       ||   229
       Iskenderun's Myst |       |    42 |   201 |    43 ||   286
  Use: Scroll            |       |       |    14 |       ||    14
  Eat: Chunk             |     2 |    13 |    32 |     3 ||    50
       Ration            |       |     1 |     1 |       ||     2
Armor: Robe              |     6 |     8 |     3 |       ||    17
       Leather armour    |       |       |    16 |     1 ||    17
Dodge: Dodged            |    30 |    43 |    62 |     6 ||   141
Block: Buckler           |       |       |    13 |     2 ||    15

Table legend:
 A = Spawn XP
 B = Non-spawn XP
 C = Spawn XP percentage of total XP
 D = Spawn monster count
 E = Non-spawn monster count
 F = Spawn count percentage of total count
 G = Total turns spent on level
                    A         B        C        D         E        F      G
               +---------+---------+-------+---------+---------+-------+---------
         Total |       0 |    7867 |   0.0 |       0 |     246 |   0.0 |  9271
               +---------+---------+-------+---------+---------+-------+---------
           D:1 |       0 |      90 |   0.0 |       0 |      33 |   0.0 |  1462
           D:2 |       0 |     280 |   0.0 |       0 |      22 |   0.0 |   872
           D:3 |       0 |     363 |   0.0 |       0 |      49 |   0.0 |  1904
           D:4 |       0 |     452 |   0.0 |       0 |      24 |   0.0 |  1356
           D:5 |       0 |     647 |   0.0 |       0 |      16 |   0.0 |   540
           D:6 |       0 |     981 |   0.0 |       0 |      26 |   0.0 |   976
           D:7 |       0 |    1754 |   0.0 |       0 |      32 |   0.0 |   788
           D:8 |       0 |    1185 |   0.0 |       0 |      24 |   0.0 |   899
           D:9 |       0 |    2115 |   0.0 |       0 |      20 |   0.0 |   474
               +---------+---------+-------+---------+---------+-------+---------
